Construct Section Command Post
Selects Air and Sea Battlegroup
Construct Field Infirmary
Construct Platoon Command Post
6-pounder Anti-tank Gun Team
6-pounder Anti-tank Gun Team
Selects Centaur Medium Tank
Selects Naval Bombardment
Selects Commando Section Paradrop
6-pounder Anti-tank Gun Team
Selects M1 Pack Howitzer Paradrop
Construct Field Infirmary
Selects Anti-tank Rocket Loiter
Construct Company Command Post